 Dungeon Crawl Stone Soup version 0.15.1 (webtiles) character file.

333 Kashira the Ruffian (level 6, -5/61 HPs)
             Began as a Troll Monk on Sept 17, 2014.
             Killed by divine providence
             ... invoked by an orc priest
              (13 damage)
             ... on Level 3 of the Dungeon.
             The game lasted 00:06:44 (1954 turns).

Kashira the Ruffian (Troll Monk)                    Turns: 1954, Time: 00:06:44

HP  -5/61        AC  5     Str 20      XL: 6   Next: 27%
MP   3/3         EV 17     Int  6      God:
Gold 139         SH  0     Dex 19      Spells:  0 memorised,  5 levels left

rFire  . . .     SeeInvis .       - Unarmed
rCold  + . .     Clarity  .     a - +0 robe
rNeg   . . .     rCorr    .     (shield restricted)
rPois  .         rRot     .     (helmet restricted)
rElec  .         Spirit   .     (no cloak)
SustAb .         Warding  .     (gloves unavailable)
rMut   .         Stasis   .     (boots unavailable)
Gourm  +                        (no amulet)
MR     +....                    n - ring of protection from cold
                                l - ring of protection from magic

@: agile, very slightly contaminated, invisible, somewhat resistant to hostile
enchantments, fairly stealthy
A: unfitting armour, claws 3, fast metabolism 3, gourmand, regeneration 2,
saprovore 2, shaggy fur 1, tough skin 2
a: no special abilities


You were on level 3 of the Dungeon.
You were full.

You visited 1 branch of the dungeon, and saw 3 of its levels.

You collected 139 gold pieces.

Inventory:

Missiles
 m - 2 tomahawks (quivered)
 p - 20 poisoned needles
Armour
 a - a +0 robe (worn)
Magical devices
 r - a wand of polymorph (15) {unknown}
Comestibles
 b - 3 meat rations
 f - 2 beef jerkies
 g - a fruit
 q - a bread ration
Scrolls
 c - a scroll of remove curse
 d - a scroll of magic mapping {unknown}
 h - 3 scrolls of recharging
 k - 2 scrolls of immolation {unknown}
 o - a scroll of teleportation
Jewellery
 l - a ring of protection from magic (left claw)
 n - a ring of protection from cold (right claw)
Potions
 e - a potion of agility
 i - 2 potions of restore abilities


   Skills:
 + Level 3.4 Fighting
 + Level 3.5 Dodging
 - Level 1.1 Stealth
 * Level 6.2 Unarmed Combat


You had 5 spell levels left.
You didn't know any spells.

Dungeon Overview and Level Annotations

Branches:
Dungeon (3/15)

Altars:


Innate Abilities, Weirdness & Mutations

You are too large for most types of armour.
You have claws for hands.
Your metabolism is lightning-fast.
You like to eat raw meat.
You heal very quickly.
You can eat rotten meat.
You are covered in fur (AC +1).
You have very tough skin (AC +2).


Message History

You barely miss the orc priest. The bat hits you but does no damage.
The orc misses you.
You claw the orc priest!
The orc priest begins to bleed from its wounds!
The orc priest is severely wounded.
The bat misses you.
The orc priest invokes the aid of Beogh against you.
Something smites you!
* * * LOW HITPOINT WARNING * * *
The bat barely misses you.
The orc priest invokes the aid of Beogh against something.
Pain shoots through your body!
* * * LOW HITPOINT WARNING * * *
Things that are here:
a dagger; a robe; 9 gold pieces The bat hits you but does no damage. x2
The orc priest is no longer bleeding.
The bat barely misses you.
The orc priest mumbles some strange prayers to Beogh against you.
Something smites you!
You die...

#...).# .### #.#.#.#
#.....####..?.##.#.#.#
#..!.o....# #.#.#.#
#....o%%).# #.#.#.#
#...o.....# #.#.#.#
#....)....# #.#.#.#
###.......# #.##.#.#.#
#....b...# #.##.#.#.# [.
#.##@##### #.##.#.#.#
...#####.##..#### #.##.#.#.#
!...............# #.##.#.#.#
#...............# #.##.#.#.#
#......P.P♣.....# #.##.#.#.#
#.....♣♣.P.♣♣♣..###.##...#.#
#....P♣♣...♣♣P......######.#
#....P......PP...##........#
#..[.♣...⌠..♣...############


You could see 2 orc priests, an orc (wandering) and a bat.

Vanquished Creatures
  The ghost of bullock the Magician, an average DEWz of Sif Muna (D:3)
  2 orc wizards (D:3)
  Jessica (D:3)
  2 gnolls (D:2)
  4 green rats (D:2)
  3 adders
  A worm (D:2)
  5 giant geckos
  3 orcs (D:3)
  3 ball pythons
  8 bats
  5 giant cockroaches
  6 hobgoblins
  10 jackals
  6 kobolds
  2 giant newts
  8 goblins
  4 rats
74 creatures vanquished.

Notes
Turn   | Place    | Note
--------------------------------------------------------------
     0 | D:1      | Kashira, the Troll Monk, began the quest for the Orb.
     0 | D:1      | Reached XP level 1. HP: 22/22 MP: 1/1
    74 | D:1      | Reached XP level 2. HP: 29/29 MP: 1/1
   673 | D:2      | Reached XP level 3. HP: 34/36 MP: 2/2
   812 | D:2      | Reached skill level 5 in Unarmed Combat
   812 | D:2      | Reached XP level 4. HP: 44/44 MP: 2/2
  1635 | D:3      | Reached XP level 5. HP: 53/53 MP: 2/2
  1642 | D:3      | Noticed bullock's ghost (average DEWz)
  1848 | D:3      | Killed bullock's ghost
  1848 | D:3      | Reached skill level 6 in Unarmed Combat
  1901 | D:3      | Noticed Jessica
  1910 | D:3      | Killed Jessica
  1910 | D:3      | Reached XP level 6. HP: 55/61 MP: 3/3
  1954 | D:3      | Killed from afar by an orc priest

Action                   |  1- 3 |  4- 6 || total
-------------------------+-------+-------++-------
Melee: Unarmed           |    90 |   104 ||   194
  Use: Scroll            |     2 |     3 ||     5
       Potion            |       |     2 ||     2
 Stab: Sleeping          |     2 |       ||     2
       Invisible         |       |     1 ||     1
  Eat: Chunk             |     9 |    12 ||    21
